[Event "European Online Club-ch-G 2021"]
[Site "Online"]
[Date "2021.03.27"]
[Round "4.3"]
[White "Yildirim, Ibrahim Halil"]
[Black "Gasimov, Parviz"]
[Result "1/2-1/2"]
[ECO "C07"]
[WhiteElo "1783"]
[BlackElo "2337"]
[Annotator "NA"]
[PlyCount "130"]
[EventDate "2021.03.27"]
[EventType "team-tourn"]
[EventCountry "NET"]
[SourceTitle "playchess.com"]
[Source "ChessBase"]
[SourceQuality "1"]
[TimeControl "900+5"]

1. e4 e6 2. d4 d5 3. Nd2 c5 4. Ngf3 cxd4 5. Nxd4 Nf6 6. Bd3 e5 7. N4f3 dxe4 8. Nxe4 Nxe4 9. Bxe4 Qxd1+ 10. Kxd1 Nd7 11. Re1 f6 12. c3 Nc5 13. Bc2 Be6 14. Be3 O-O-O+ 15. Kc1 b6 16. Rd1 Rxd1+ 17. Kxd1 Be7 18. b3 Bg4 19. h3 Bh5 20. b4 Rd8+ 21. Ke2 e4 22. bxc5 exf3+ 23. gxf3 Bxc5 24. Bxh7 g6 25. Rg1 Bxe3 26. fxe3 Kc7 27. Kf2 Rd2+ 28. Kg3 Rxa2 29. Kf4 Rf2 30. Bxg6 Rxf3+ 31. Ke4 Rxh3 32. Bxh5 Rxh5 33. Rg7+ Kb8 34. Rf7 Rc5 35. Kd4 Rc6 36. c4 Rd6+ 37. Kc3 a5 38. e4 Re6 39. Kd4 Rd6+ 40. Kc3 Rc6 41. Kd4 a4 42. Kd5 Rc5+ 43. Kd4 a3 44. Rxf6 a2 45. Rf1 Ra5 46. Ra1 Kc7 47. Kc3 Kd6 48. Kb3 Kc5 49. e5 Kc6 50. Rxa2 Rxe5 51. Rd2 Kc5 52. Rd5+ Rxd5 53. cxd5 Kxd5 54. Kb4 Kc6 55. Kc4 b5+ 56. Kb4 Kb6 57. Kb3 Kc5 58. Kc3 b4+ 59. Kb3 Kb5 60. Kb2 Kc4 61. Kc2 b3+ 62. Kb2 Kb4 63. Kb1 Kc3 64. Kc1 b2+ 65. Kb1 Kb3 1/2-1/2

[Event "European Online Club-ch-G 2021"]
[Site "Online"]
[Date "2021.03.27"]
[Round "4.4"]
[White "Hasanzade, Toghrul"]
[Black "Ozata, Doruk"]
[Result "1-0"]
[ECO "A36"]
[WhiteElo "2322"]
[BlackElo "1646"]
[Annotator "NA"]
[PlyCount "103"]
[EventDate "2021.03.27"]
[EventType "team-tourn"]
[EventCountry "NET"]
[SourceTitle "playchess.com"]
[Source "ChessBase"]
[SourceQuality "1"]
[TimeControl "900+5"]

1. e4 c5 2. c4 Nc6 3. Nc3 d6 4. g3 g6 5. Bg2 Bg7 6. Nge2 e6 7. d3 Nd4 8. O-O Ne7 9. Nxd4 cxd4 10. Ne2 O-O 11. b4 a5 12. Bb2 e5 13. a3 axb4 14. axb4 Rxa1 15. Qxa1 Qb6 16. b5 Be6 17. Qa3 Rd8 18. Ra1 Bg4 19. Nc1 Bh6 20. Qa5 Qxa5 21. Rxa5 Bd2 22. Ra7 Rb8 23. Nb3 Bb4 24. h3 Be6 25. f4 f6 26. Bf3 Nc8 27. Ra4 Bc5 28. Kg2 Kf8 29. Bg4 Ke7 30. Bxe6 Kxe6 31. Kf3 Ne7 32. g4 Kd7 33. g5 Rf8 34. Kg4 exf4 35. gxf6 Rxf6 36. Bxd4 Bxd4 37. Nxd4 Ng8 38. Nf3 Rf8 39. Ra1 Kc7 40. Ng5 h5+ 41. Kf3 Kd7 42. Ra7 Rb8 43. Kxf4 Nf6 44. e5 dxe5+ 45. Kxe5 Ke7 46. c5 Nd7+ 47. Kd5 Nf6+ 48. Kc4 Kd7 49. c6+ Kc7 50. Kc5 Kc8 51. Ne6 bxc6 52. Rc7# 1-0

[Event "European Online Club-ch-G 2021"]
[Site "Online"]
[Date "2021.03.27"]
[Round "4.5"]
[White "Mica, Marek"]
[Black "Borhy, Marcell"]
[Result "0-1"]
[ECO "E11"]
[WhiteElo "2274"]
[BlackElo "2392"]
[Annotator "NA"]
[PlyCount "112"]
[EventDate "2021.03.27"]
[EventType "team-tourn"]
[EventCountry "NET"]
[SourceTitle "playchess.com"]
[Source "ChessBase"]
[SourceQuality "1"]
[TimeControl "900+5"]

1. Nf3 d5 2. d4 Nf6 3. c4 e6 4. g3 Bb4+ 5. Bd2 Be7 6. Bg2 c6 7. Qc2 Nbd7 8. O-O b6 9. Bf4 Ba6 10. Nbd2 O-O 11. Rfe1 Nh5 12. Ne5 Bb7 13. cxd5 cxd5 14. Rec1 Nxf4 15. gxf4 Nxe5 16. fxe5 Rc8 17. Qa4 a6 18. b4 Qe8 19. Qxe8 Rfxe8 20. a3 Bc6 21. Bf1 Ba4 22. e3 a5 23. b5 Rxc1 24. Rxc1 Bxa3 25. Rc6 Bb4 26. Nb1 Rb8 27. f4 Bb3 28. Bd3 a4 29. f5 exf5 30. Bxf5 Bc4 31. e6 a3 32. Nxa3 Bxa3 33. Rc7 fxe6 34. Bxe6+ Kh8 35. e4 Bb2 36. Kg2 Bxd4 37. exd5 Bc5 38. h4 Rd8 39. h5 h6 40. Rd7 Rxd7 41. Bxd7 Bxd5+ 42. Kh3 g6 43. hxg6 Kg7 44. Be8 Be4 45. Kg4 Bxg6 46. Bc6 Kf6 47. Kh4 Kf5 48. Bg2 Kf4 49. Bc6 Bf2+ 50. Kh3 Bf5+ 51. Kg2 Bd4 52. Kf1 h5 53. Ke2 h4 54. Kf1 h3 55. Ke2 Be4 56. Bd7 h2 0-1

[Event "European Online Club-ch-G 2021"]
[Site "Online"]
[Date "2021.03.27"]
[Round "4.6"]
[White "Persanyi, Barnabas"]
[Black "Gnojek, Petr"]
[Result "1-0"]
[ECO "A87"]
[WhiteElo "2364"]
[BlackElo "2267"]
[Annotator "NA"]
[PlyCount "83"]
[EventDate "2021.03.27"]
[EventType "team-tourn"]
[EventCountry "NET"]
[SourceTitle "playchess.com"]
[Source "ChessBase"]
[SourceQuality "1"]
[TimeControl "900+5"]

1. Nf3 g6 2. d4 d6 3. g3 Bg7 4. Bg2 f5 5. O-O Nf6 6. b3 O-O 7. Bb2 c6 8. c4 Qc7 9. Nbd2 Re8 10. Qc2 Na6 11. a3 e5 12. c5 e4 13. cxd6 Qxd6 14. Ne5 Nc7 15. Ndc4 Qd8 16. a4 Be6 17. Ba3 Bxc4 18. Nxc4 Re6 19. e3 Ncd5 20. a5 Qc7 21. a6 b6 22. Ne5 c5 23. Rac1 Rc8 24. Bb2 Nd7 25. Qc4 Nxe5 26. Qxd5 Qc6 27. Qxc6 Nxc6 28. Rfd1 Rd8 29. Bf1 Red6 30. Bb5 Nb8 31. Be2 Kh8 32. Ba1 cxd4 33. Bxd4 Bxd4 34. Rxd4 Rxd4 35. exd4 Nd7 36. Rc7 Nf6 37. Rxa7 Ng8 38. Rb7 Rc8 39. a7 Rc1+ 40. Kg2 Ra1 41. Bb5 g5 42. Ba4 1-0

[Event "European Online Club-ch-G 2021"]
[Site "Online"]
[Date "2021.03.27"]
[Round "4.7"]
[White "Frank, Adam"]
[Black "Karacsonyi, Gellert"]
[Result "0-1"]
[ECO "C03"]
[WhiteElo "2238"]
[BlackElo "2321"]
[Annotator "NA"]
[PlyCount "134"]
[EventDate "2021.03.27"]
[EventType "team-tourn"]
[EventCountry "NET"]
[SourceTitle "playchess.com"]
[Source "ChessBase"]
[SourceQuality "1"]
[TimeControl "900+5"]

1. e4 e6 2. d4 d5 3. Nd2 Be7 4. Bd3 c5 5. dxc5 Nf6 6. exd5 Nxd5 7. Nb3 Qc7 8. Qg4 O-O 9. Ne2 Nd7 10. O-O N5f6 11. Qh4 Nxc5 12. Nxc5 Qxc5 13. Be3 Qh5 14. Qg3 Qg4 15. Qe5 Nd5 16. h3 Qh4 17. Bd4 Bf6 18. Qe4 Qxe4 19. Bxe4 Bxd4 20. Nxd4 Nf6 21. Bf3 e5 22. Nb3 Rb8 23. Rfe1 Re8 24. Rad1 Bf5 25. c3 b6 26. g4 Bg6 27. g5 Nh5 28. Bxh5 Bxh5 29. Rd7 a5 30. Nd2 Bg6 31. Nc4 Bf5 32. Rd6 Bxh3 33. Rxe5 Rxe5 34. Nxe5 Be6 35. Nc6 Re8 36. Nd4 Bxa2 37. Rxb6 Kf8 38. Rb5 Ra8 39. Kg2 a4 40. Nc2 Ke7 41. Kf3 Kd6 42. Ke3 Bc4 43. Rb7 Bd5 44. Rb4 Re8+ 45. Kd2 Ra8 46. Kd3 Be6 47. c4 Ra5 48. f4 h5 49. gxh6 gxh6 50. Kd4 h5 51. Na3 h4 52. Nb5+ Kc6 53. Nc3 h3 54. Ne4 h2 55. Ng3 a3 56. bxa3 Rxa3 57. Rb2 Rxg3 58. Rxh2 Rf3 59. Rh4 Rf1 60. Ke5 Bxc4 61. Rh2 Kd7 62. Rd2+ Ke7 63. Rb2 Re1+ 64. Kf5 Be6+ 65. Kg5 Rg1+ 66. Kh5 Kf6 67. Rb5 Rh1# 0-1

[Event "European Online Club-ch-G 2021"]
[Site "Online"]
[Date "2021.03.27"]
[Round "4.8"]
[White "Juhasz, Agoston"]
[Black "Paseka, Matyas"]
[Result "0-1"]
[ECO "B52"]
[WhiteElo "2356"]
[BlackElo "2069"]
[Annotator "NA"]
[PlyCount "74"]
[EventDate "2021.03.27"]
[EventType "team-tourn"]
[EventCountry "NET"]
[SourceTitle "playchess.com"]
[Source "ChessBase"]
[SourceQuality "1"]
[TimeControl "900+5"]

1. e4 c5 2. Nf3 d6 3. Bb5+ Bd7 4. Bxd7+ Qxd7 5. c4 Nc6 6. d4 cxd4 7. Nxd4 g6 8. b3 Bg7 9. Bb2 Nf6 10. Nc3 O-O 11. O-O Rac8 12. Rc1 a6 13. f3 Bh6 14. f4 Bg7 15. Nd5 Nxd5 16. exd5 Nxd4 17. Bxd4 b5 18. f5 bxc4 19. bxc4 e5 20. dxe6 fxe6 21. f6 Bh6 22. Rc3 Rf7 23. Qe2 e5 24. Bb6 Qe6 25. Qe4 d5 26. Qh4 Qxb6+ 27. c5 Rxc5 28. Qf2 d4 29. Rxc5 Be3 30. Rc8+ Rf8 31. f7+ Kg7 32. Rxf8 Bxf2+ 33. Rxf2 Kxf8 34. g3 d3 35. Kg2 Qc6+ 36. Kh3 Qd7+ 37. Kg2 d2 0-1

[Event "European Online Club-ch-G 2021"]
[Site "Online"]
[Date "2021.03.27"]
[Round "4.9"]
[White "Flear, Glenn C"]
[Black "Harvey, Marcus R"]
[Result "1/2-1/2"]
[ECO "E11"]
[WhiteElo "2431"]
[BlackElo "2440"]
[Annotator "NA"]
[PlyCount "87"]
[EventDate "2021.03.27"]
[EventType "team-tourn"]
[EventCountry "NET"]
[SourceTitle "playchess.com"]
[Source "ChessBase"]
[SourceQuality "1"]
[TimeControl "900+5"]

1. d4 Nf6 2. c4 e6 3. Nf3 Bb4+ 4. Nbd2 O-O 5. a3 Bxd2+ 6. Qxd2 d5 7. e3 Nbd7 8. Qc2 b6 9. b3 a5 10. cxd5 exd5 11. Bb5 Ba6 12. a4 c5 13. Bxa6 Rxa6 14. O-O Ra7 15. Rd1 Rc7 16. dxc5 Nxc5 17. Qb2 Qc8 18. Bd2 Qa6 19. Be1 Nd3 20. Qe2 Nb4 21. Qxa6 Nxa6 22. Rac1 Rfc8 23. Rxc7 Rxc7 24. Nd4 Nc5 25. f3 Ne6 26. Nb5 Rc5 27. Bg3 h6 28. Be5 Ne8 29. Rd2 f6 30. Bb2 N8c7 31. Nxc7 Nxc7 32. Kf2 Kf7 33. Ke2 Ke6 34. g4 b5 35. Bd4 Rc6 36. axb5 Nxb5 37. Ra2 Nxd4+ 38. exd4 Rc3 39. h4 Rxb3 40. Rxa5 Rb2+ 41. Ke3 Rb3+ 42. Ke2 Rb2+ 43. Ke3 Rb3+ 44. Ke2 1/2-1/2

[Event "European Online Club-ch-G 2021"]
[Site "Online"]
[Date "2021.03.27"]
[Round "4.10"]
[White "Greet, Andrew N"]
[Black "Boyer, Mahel"]
[Result "0-1"]
[ECO "B00"]
[WhiteElo "2417"]
[BlackElo "2333"]
[Annotator "NA"]
[PlyCount "62"]
[EventDate "2021.03.27"]
[EventType "team-tourn"]
[EventCountry "NET"]
[SourceTitle "playchess.com"]
[Source "ChessBase"]
[SourceQuality "1"]
[TimeControl "900+5"]

1. e4 Nc6 2. Nf3 d5 3. exd5 Qxd5 4. Nc3 Qh5 5. Be2 Bg4 6. h3 O-O-O 7. O-O Bxh3 8. gxh3 Qxh3 9. d3 Nf6 10. Bf4 g5 11. Bg3 Rg8 12. Re1 h5 13. Bf1 Qf5 14. Ne5 h4 15. Bh2 g4 16. Nxc6 g3 17. Bg2 gxf2+ 18. Kh1 fxe1=R+ 19. Qxe1 bxc6 20. Qe3 Ng4 21. Qxa7 Nf2+ 22. Kg1 Rxg2+ 23. Kxg2 h3+ 24. Kg1 Qg4+ 25. Kxf2 Qg2+ 26. Ke3 Bh6+ 27. Bf4 Qg3+ 28. Ke2 Qg4+ 29. Ke1 Bxf4 30. Ne4 h2 31. Nc5 h1=R+ 0-1

[Event "European Online Club-ch-G 2021"]
[Site "Online"]
[Date "2021.03.27"]
[Round "4.11"]
[White "Favarel, Camille"]
[Black "Sukandar, Irine Kharisma"]
[Result "0-1"]
[ECO "E39"]
[WhiteElo "2188"]
[BlackElo "2413"]
[Annotator "NA"]
[PlyCount "66"]
[EventDate "2021.03.27"]
[EventType "team-tourn"]
[EventCountry "NET"]
[SourceTitle "playchess.com"]
[Source "ChessBase"]
[SourceQuality "1"]
[TimeControl "900+5"]

1. d4 Nf6 2. c4 e6 3. Nc3 Bb4 4. Qc2 c5 5. dxc5 O-O 6. Nf3 Bxc5 7. Bg5 h6 8. h4 Nc6 9. e3 b6 10. a3 Bb7 11. O-O-O Be7 12. Be2 Rc8 13. Kb1 Na5 14. Ne5 d6 15. b4 Qe8 16. Bxf6 Bxf6 17. Ng4 Bxc3 18. Qxc3 Nxc4 19. Rd4 Ne5 20. Qb2 Nxg4 21. Rxg4 e5 22. h5 f5 23. Rg6 Be4+ 24. Ka1 Rc2 25. Qb3+ Qf7 26. Qxf7+ Kxf7 27. Bf3 Rd8 28. Rf1 d5 29. Bd1 Rc1+ 30. Kb2 Rb1+ 31. Ka2 Rc8 32. f3 Bd3 33. Rh1 Rcc1 0-1

[Event "European Online Club-ch-G 2021"]
[Site "Online"]
[Date "2021.03.27"]
[Round "4.12"]
[White "Derakhshani, Borna"]
[Black "Collier, Timothy"]
[Result "1-0"]
[ECO "B13"]
[WhiteElo "2373"]
[BlackElo "2074"]
[Annotator "NA"]
[PlyCount "37"]
[EventDate "2021.03.27"]
[EventType "team-tourn"]
[EventCountry "NET"]
[SourceTitle "playchess.com"]
[Source "ChessBase"]
[SourceQuality "1"]
[TimeControl "900+5"]

1. d4 d5 2. Bf4 c5 3. e3 cxd4 4. exd4 Nc6 5. c3 Bf5 6. Nf3 e6 7. Qb3 Qd7 8. Bb5 f6 9. O-O Bd6 10. Bxc6 bxc6 11. Bxd6 Qxd6 12. Qb7 Rb8 13. Qxg7 Rxb2 14. Qxh8 Kf8 15. Nbd2 Bd3 16. Rfe1 Bf5 17. Nb3 Be4 18. Nc5 Bxf3 19. Nxe6+ 1-0

[Event "European Online Club-ch-G 2021"]
[Site "Online"]
[Date "2021.03.27"]
[Round "4.13"]
[White "Grachev, Boris"]
[Black "Gazik, Viktor"]
[Result "1/2-1/2"]
[ECO "A48"]
[WhiteElo "2619"]
[BlackElo "2542"]
[Annotator "ChessBase"]
[PlyCount "86"]
[EventDate "2021.03.27"]
[EventType "team-tourn"]
[EventCountry "NET"]
[SourceTitle "playchess.com"]
[Source "ChessBase"]
[SourceQuality "1"]
[TimeControl "900+5"]

1. d4 Nf6 2. Nf3 d6 3. c3 g6 4. Bf4 Bg7 5. h3 O-O 6. Nbd2 c5 7. dxc5 dxc5 8. e4 Nc6 9. Qc2 Nh5 10. Bh2 Be6 11. Ng5 Bd7 12. Be2 Bh6 13. Bxh5 Bxg5 14. Be2 Be6 15. Nf3 Bh6 16. O-O Qb6 17. b3 Rfd8 18. Rfd1 Qa5 19. Ne5 Nxe5 20. Bxe5 a6 21. c4 Bg7 22. Bxg7 Kxg7 23. Qb2+ f6 24. e5 Rxd1+ 25. Rxd1 Rd8 26. Rxd8 Qxd8 27. exf6+ exf6 28. Bf3 b6 29. Qe2 Qd6 30. Qe4 a5 31. Qb7+ Kh6 32. Bd5 Bf5 33. h4 Qe5 34. Bg8 g5 35. hxg5+ fxg5 36. Qxb6+ Kg7 37. Bd5 Qe1+ 38. Kh2 Qxf2 39. Qxa5 Qh4+ 40. Kg1 Qd4+ 41. Kh1 Qh4+ 42. Kg1 Qd4+ 43. Kh1 Qh4+ 1/2-1/2

[Event "European Online Club-ch-G 2021"]
[Site "Online"]
[Date "2021.03.27"]
[Round "4.14"]
[White "Sahidi, Samir"]
[Black "Motylev, Alexander"]
[Result "0-1"]
[ECO "D45"]
[WhiteElo "2407"]
[BlackElo "2641"]
[Annotator "ChessBase"]
[PlyCount "48"]
[EventDate "2021.03.27"]
[EventType "team-tourn"]
[EventCountry "NET"]
[SourceTitle "playchess.com"]
[Source "ChessBase"]
[SourceQuality "1"]
[TimeControl "900+5"]

1. c4 e6 2. Nf3 d5 3. d4 Nf6 4. Nc3 c6 5. e3 Nbd7 6. a3 b6 7. Be2 Bb7 8. cxd5 exd5 9. b3 Bd6 10. Bb2 O-O 11. O-O Qe7 12. Qc2 Rfe8 13. Nd2 Nf8 14. Rfd1 Ne6 15. b4 Ng5 16. Bf1 Bxh2+ 17. Kxh2 Ng4+ 18. Kg1 Qd6 19. g3 Qh6 20. Bg2 Qh2+ 21. Kf1 Rxe3 22. Re1 Nh3 23. Nf3 Qg1+ 24. Nxg1 Nh2# 0-1

[Event "European Online Club-ch-G 2021"]
[Site "Online"]
[Date "2021.03.27"]
[Round "4.15"]
[White "Najer, Evgeniy"]
[Black "Kostolansky, Sebastian Lukas"]
[Result "1/2-1/2"]
[ECO "C11"]
[WhiteElo "2648"]
[BlackElo "2393"]
[Annotator "ChessBase"]
[PlyCount "116"]
[EventDate "2021.03.27"]
[EventType "team-tourn"]
[EventCountry "NET"]
[SourceTitle "playchess.com"]
[Source "ChessBase"]
[SourceQuality "1"]
[TimeControl "900+5"]

1. e4 e6 2. d4 d5 3. Nc3 Nf6 4. e5 Nfd7 5. f4 c5 6. Nf3 Nc6 7. Be3 Qb6 8. Na4 Qa5+ 9. c3 cxd4 10. b4 Nxb4 11. cxb4 Bxb4+ 12. Bd2 Bxd2+ 13. Nxd2 b6 14. Be2 O-O 15. O-O Nc5 16. Nb2 Qc3 17. Rb1 Ne4 18. Nf3 Qe3+ 19. Kh1 Nc3 20. Qxd4 Qxd4 21. Nxd4 Nxb1 22. Rxb1 Bd7 23. Ba6 Bc8 24. Bd3 Bd7 25. Ba6 Bc8 26. Bb5 Bb7 27. Kg1 Rac8 28. Kf2 Rc3 29. Nd1 Rc5 30. Ke1 Rfc8 31. Kd2 Kf8 32. Rb3 R8c7 33. Bd3 g6 34. Nb5 Rd7 35. Nd6 Bc6 36. Nc3 Ke7 37. Ne2 f6 38. Nd4 fxe5 39. fxe5 Ba8 40. Ra3 Ra5 41. Rxa5 bxa5 42. Be2 Rxd6 43. exd6+ Kxd6 44. Nb5+ Kc5 45. Nc7 Bb7 46. Nxe6+ Kb4 47. Nf8 d4 48. g4 Bd5 49. Nxh7 Bxa2 50. Nf8 Bf7 51. Bd3 a4 52. Bb1 a3 53. Kd3 Kc5 54. Nd7+ Kd6 55. Nf6 Ke5 56. Nd7+ Kd6 57. Nf6 Ke5 58. Nd7+ Kd6 1/2-1/2

[Event "European Online Club-ch-G 2021"]
[Site "Online"]
[Date "2021.03.27"]
[Round "4.16"]
[White "Haring, Filip"]
[Black "Murzin, Volodar"]
[Result "1/2-1/2"]
[ECO "B51"]
[WhiteElo "2376"]
[BlackElo "2478"]
[Annotator "ChessBase"]
[PlyCount "171"]
[EventDate "2021.03.27"]
[EventType "team-tourn"]
[EventCountry "NET"]
[SourceTitle "playchess.com"]
[Source "ChessBase"]
[SourceQuality "1"]
[TimeControl "900+5"]

1. e4 c5 2. Nf3 d6 3. Bb5+ Nd7 4. O-O a6 5. Bd3 Ngf6 6. c3 e6 7. Bc2 Be7 8. Qe2 O-O 9. d4 b5 10. a4 Bb7 11. Rd1 Qc7 12. Bg5 h6 13. Bh4 Rfc8 14. Bd3 Bf8 15. Bg3 b4 16. cxb4 cxb4 17. Nbd2 Nh5 18. Nf1 Nxg3 19. Nxg3 a5 20. Qe3 Nf6 21. Rac1 Qb6 22. Rxc8 Rxc8 23. Rc1 Rc7 24. Qd2 d5 25. e5 Ne4 26. Qe3 Nxg3 27. hxg3 Bc6 28. b3 Bd7 29. Qd2 Be7 30. Rxc7 Qxc7 31. Qc2 Qb6 32. Kf1 h5 33. Ke2 Kf8 34. Qc1 Qc6 35. Qxc6 Bxc6 36. Ke3 g5 37. Bc2 Kg7 38. Ne1 Be8 39. Nd3 Bd8 40. Nc5 Bb6 41. Bd1 Kg6 42. Bc2+ Kh6 43. Bd1 Bc6 44. Be2 Kg6 45. Bb5 Ba8 46. Nd7 Bd8 47. Bd3+ Kg7 48. Nc5 Be7 49. Ba6 Bc6 50. Be2 Kh6 51. Bb5 Ba8 52. Ba6 g4 53. Bd3 Bg5+ 54. Ke2 Kg7 55. f3 gxf3+ 56. gxf3 Bc1 57. Bc2 Bg5 58. f4 Be7 59. Ke3 h4 60. gxh4 Bxh4 61. f5 Bg5+ 62. Ke2 exf5 63. Bxf5 Kf8 64. Kd3 Ke7 65. Bc8 Bc6 66. Bb7 Bxb7 67. Nxb7 Kd7 68. Nd6 f6 69. Nb7 Kc7 70. Nc5 Kc6 71. Ne6 Bh4 72. Nd8+ Kc7 73. Ne6+ Kc6 74. Ke3 Kd7 75. Nc5+ Kc6 76. Nd3 Bg5+ 77. Kf3 fxe5 78. Nxe5+ Kc7 79. Kg4 Be3 80. Nf3 Kd6 81. Kf5 Bf2 82. Kf6 Be3 83. Kf7 Bf2 84. Kf6 Be3 85. Kf7 Bf2 86. Kf6 1/2-1/2

[Event "European Online Club-ch-G 2021"]
[Site "Online"]
[Date "2021.03.27"]
[Round "4.17"]
[White "Jobava, Baadur"]
[Black "Bartel, Mateusz"]
[Result "0-1"]
[ECO "C44"]
[WhiteElo "2603"]
[BlackElo "2635"]
[Annotator "ChessBase"]
[PlyCount "100"]
[EventDate "2021.03.27"]
[EventType "team-tourn"]
[EventCountry "NET"]
[SourceTitle "playchess.com"]
[Source "ChessBase"]
[SourceQuality "1"]
[TimeControl "900+5"]

1. e4 e5 2. Nf3 Nc6 3. c3 Nf6 4. d3 g6 5. Bg5 h6 6. Bxf6 Qxf6 7. Nbd2 h5 8. Be2 Bh6 9. O-O O-O 10. a4 d6 11. b4 Bg4 12. a5 a6 13. Nc4 Bxf3 14. Bxf3 Nd8 15. Rb1 Ne6 16. b5 Qe7 17. Re1 Qd7 18. bxa6 bxa6 19. d4 exd4 20. cxd4 Rab8 21. d5 Ng5 22. Rxb8 Rxb8 23. e5 Nxf3+ 24. Qxf3 dxe5 25. Nxe5 Qe7 26. g3 Bg7 27. Nd3 Qd6 28. Kg2 Rd8 29. Nf4 Bh6 30. Ne6 fxe6 31. Rxe6 Qxd5 32. Rxg6+ Bg7 33. Rxa6 Qxf3+ 34. Kxf3 Rd2 35. Rc6 Be5 36. a6 Bd6 37. h4 Ra2 38. Ke3 Kf7 39. f3 Ra3+ 40. Ke4 Ke6 41. g4 Ra4+ 42. Kd3 hxg4 43. fxg4 Rxg4 44. h5 Kd5 45. Rc1 Rg3+ 46. Ke2 Ra3 47. h6 Rxa6 48. h7 Ra8 49. Rh1 Rh8 50. Kf3 Ke5 0-1

[Event "European Online Club-ch-G 2021"]
[Site "Online"]
[Date "2021.03.27"]
[Round "4.18"]
[White "Gumularz, Szymon"]
[Black "Dreev, Aleksey"]
[Result "1-0"]
[ECO "B13"]
[WhiteElo "2517"]
[BlackElo "2647"]
[Annotator "ChessBase"]
[PlyCount "69"]
[EventDate "2021.03.27"]
[EventType "team-tourn"]
[EventCountry "NET"]
[SourceTitle "playchess.com"]
[Source "ChessBase"]
[SourceQuality "1"]
[TimeControl "900+5"]

1. e4 c6 2. d4 d5 3. exd5 cxd5 4. Bd3 Nc6 5. c3 Qc7 6. h3 e6 7. Nf3 Bd6 8. O-O Nge7 9. Re1 Ng6 10. h4 Bd7 11. a4 Nce7 12. Na3 a6 13. Nc2 Nf4 14. Bf1 O-O 15. Ne5 Bxe5 16. dxe5 Nfg6 17. h5 Nxe5 18. h6 g6 19. Bf4 f6 20. Nd4 g5 21. Bg3 N7g6 22. Bd3 Nf4 23. Bc2 Rf7 24. Qc1 Kh8 25. Bxf4 gxf4 26. Qxf4 Rg8 27. Re2 Qd6 28. Rae1 Qf8 29. Rxe5 fxe5 30. Qxe5+ Rf6 31. Re3 Qxh6 32. Rh3 Rxg2+ 33. Kxg2 Qg7+ 34. Kh1 Rh6 35. Qb8+ 1-0

[Event "European Online Club-ch-G 2021"]
[Site "Online"]
[Date "2021.03.27"]
[Round "4.19"]
[White "Piorun, Kacper"]
[Black "Mastrovasilis, Dimitrios"]
[Result "1-0"]
[ECO "C42"]
[WhiteElo "2615"]
[BlackElo "2609"]
[Annotator "ChessBase"]
[PlyCount "59"]
[EventDate "2021.03.27"]
[EventType "team-tourn"]
[EventCountry "NET"]
[SourceTitle "playchess.com"]
[Source "ChessBase"]
[SourceQuality "1"]
[TimeControl "900+5"]

1. e4 e5 2. Bc4 Nf6 3. d3 Nc6 4. Nc3 Bb4 5. Nf3 d5 6. exd5 Nxd5 7. O-O Bxc3 8. bxc3 O-O 9. Bg5 f6 10. Bd2 Bg4 11. Qe2 Na5 12. Bxd5+ Qxd5 13. c4 Bxf3 14. gxf3 Qc5 15. Rab1 Nc6 16. Be3 Qd6 17. Rxb7 f5 18. Rb5 f4 19. Bc5 Qg6+ 20. Kh1 a6 21. Rb7 Nd4 22. Qxe5 Nf5 23. Bxf8 Rxf8 24. Rg1 Qh5 25. Qd5+ Kh8 26. Rgb1 h6 27. Rb8 Rxb8 28. Rxb8+ Kh7 29. Qg8+ Kg6 30. Qe8+ 1-0

[Event "European Online Club-ch-G 2021"]
[Site "Online"]
[Date "2021.03.27"]
[Round "4.20"]
[White "Wieczorek, Oskar"]
[Black "Shchekachev, Andrei"]
[Result "1/2-1/2"]
[ECO "B06"]
[WhiteElo "2498"]
[BlackElo "2515"]
[Annotator "ChessBase"]
[PlyCount "67"]
[EventDate "2021.03.27"]
[EventType "team-tourn"]
[EventCountry "NET"]
[SourceTitle "playchess.com"]
[Source "ChessBase"]
[SourceQuality "1"]
[TimeControl "900+5"]

1. e4 Nc6 2. Nf3 d6 3. d4 Nf6 4. Nc3 g6 5. Be3 Bg7 6. Qd2 O-O 7. d5 Nb8 8. Bh6 c6 9. Bxg7 Kxg7 10. Nd4 Qb6 11. O-O-O Re8 12. f3 c5 13. Nb3 a6 14. h4 h5 15. Be2 Nbd7 16. g4 Rh8 17. g5 Ne8 18. f4 Qd8 19. e5 Nb6 20. Ne4 Na4 21. e6 fxe6 22. dxe6 Bxe6 23. Nbxc5 Nxc5 24. Nxc5 Bf5 25. Bd3 dxc5 26. Qe3 Nd6 27. Bxf5 gxf5 28. Rhe1 Rf8 29. Qxc5 Qd7 30. Qe5+ Kg8 31. Qd5+ Kg7 32. Qe5+ Kg8 33. Qd5+ Kg7 34. Qe5+ 1/2-1/2

[Event "European Online Club-ch-G 2021"]
[Site "Online"]
[Date "2021.03.27"]
[Round "5.1"]
[White "Gumularz, Szymon"]
[Black "Altun, Arda"]
[Result "1-0"]
[ECO "B13"]
[WhiteElo "2517"]
[BlackElo "2074"]
[Annotator "ChessBase"]
[PlyCount "63"]
[EventDate "2021.03.27"]
[EventType "team-tourn"]
[EventCountry "NET"]
[SourceTitle "playchess.com"]
[Source "ChessBase"]
[SourceQuality "1"]
[TimeControl "900+5"]

1. e4 c6 2. d4 d5 3. exd5 cxd5 4. Bd3 Nc6 5. c3 g6 6. Nf3 Bf5 7. Bxf5 gxf5 8. Bg5 Qc7 9. c4 dxc4 10. d5 O-O-O 11. Nc3 f6 12. Bd2 Ne5 13. O-O e6 14. Nd4 exd5 15. Ne6 Qd7 16. Nxd8 Qxd8 17. Be3 Nd3 18. Bxa7 Ne7 19. Qf3 Ne5 20. Qh5 Rg8 21. Rad1 Qd7 22. Bc5 Qc6 23. Bd4 Nd3 24. Qf7 Nf4 25. g3 Nh3+ 26. Kg2 Nf4+ 27. Kh1 Nd3 28. Rxd3 cxd3 29. Rd1 f4 30. Rxd3 Qc4 31. Qe8+ Kc7 32. Nb5+ 1-0

[Event "European Online Club-ch-G 2021"]
[Site "Online"]
[Date "2021.03.27"]
[Round "5.2"]
[White "Danaci, Ege"]
[Black "Tazbir, Marcin"]
[Result "0-1"]
[ECO "B48"]
[WhiteElo "1996"]
[BlackElo "2513"]
[Annotator "ChessBase"]
[PlyCount "130"]
[EventDate "2021.03.27"]
[EventType "team-tourn"]
[EventCountry "NET"]
[SourceTitle "playchess.com"]
[Source "ChessBase"]
[SourceQuality "1"]
[TimeControl "900+5"]

1. e4 c5 2. Nf3 e6 3. d4 cxd4 4. Nxd4 Nc6 5. Nc3 Qc7 6. Be3 Nf6 7. Bd3 a6 8. O-O Nxd4 9. Bxd4 Bc5 10. Be2 d6 11. Bxf6 gxf6 12. Qd3 b5 13. Qf3 Bd4 14. Rad1 Be5 15. Qd3 Bb7 16. f4 Bxc3 17. bxc3 O-O-O 18. a4 Qc5+ 19. Qd4 Bxe4 20. axb5 axb5 21. Bxb5 Rhg8 22. Ba6+ Kc7 23. Rf2 f5 24. Bd3 Bc6 25. Bf1 Qxd4 26. cxd4 Ra8 27. c4 Be4 28. d5 Rgb8 29. Rfd2 exd5 30. cxd5 Rb4 31. Bd3 Rd4 32. Bxe4 Rxd2 33. Rxd2 fxe4 34. f5 e3 35. Rc2+ Kd7 36. Kf1 Ra5 37. Ke2 Rxd5 38. Kxe3 Rxf5 39. Ra2 Ke6 40. Ke4 h5 41. Rb2 f6 42. Ra2 Rb5 43. Rc2 Ra5 44. Rb2 Ra4+ 45. Ke3 Ke5 46. Rc2 d5 47. Rc8 Ra3+ 48. Ke2 Kf4 49. g3+ Ke4 50. Re8+ Kd4 51. Rh8 Ra2+ 52. Kf3 Rxh2 53. Rf8 Ke5 54. Re8+ Kf5 55. Rc8 Ra2 56. Rc3 Ra4 57. Rc5 Ra3+ 58. Kf2 Ke4 59. Rc2 d4 60. Re2+ Re3 61. Rd2 Rf3+ 62. Kg2 d3 63. Rd1 Rf5 64. Re1+ Kd4 65. Re8 d2 0-1

[Event "European Online Club-ch-G 2021"]
[Site "Online"]
[Date "2021.03.27"]
[Round "5.3"]
[White "Wieczorek, Oskar"]
[Black "Yildirim, Ibrahim Halil"]
[Result "1-0"]
[ECO "B18"]
[WhiteElo "2498"]
[BlackElo "1783"]
[Annotator "ChessBase"]
[PlyCount "35"]
[EventDate "2021.03.27"]
[EventType "team-tourn"]
[EventCountry "NET"]
[SourceTitle "playchess.com"]
[Source "ChessBase"]
[SourceQuality "1"]
[TimeControl "900+5"]

1. e4 c6 2. d4 d5 3. Nd2 dxe4 4. Nxe4 Bf5 5. Ng3 Bg6 6. c3 Nf6 7. Nh3 e6 8. Nf4 Bd6 9. h4 Qc7 10. Qf3 Bc2 11. Be3 h6 12. Ngh5 Nxh5 13. Nxh5 O-O 14. Bxh6 Bg6 15. Nxg7 e5 16. h5 Bh7 17. Qg4 Kh8 18. Ne8 1-0